AoeStats
← KDA HDT

Pilgrims

509886306Analyzed
4v4 RM · 4d ago on Sep 28, 2026· 35m 57s· 8 players
Game mode
Random Map
Map size
Large (8 player)
Population
200
Speed
Normal
Resources
Standard
Victory
Conquest
Starting age
Dark Age
Ending age
Imperial Age
RankedLock teamsTeams togetherTeam positionsShared explorationLock speedFull tech treeHidden civsTurbo modeCheats
Victory
Defeat
🇨🇳 Celts · China
1798
+16
🇺🇸 Shu · United States
1760
+17
🇨🇭 Britons · Switzerland
1731
+18
1692
+19
🇺🇸 Jurchens · United States
1801
-18
🇻🇳 Bohemians · Vietnam
1787
-18
🇻🇳 Byzantines · Vietnam
1774
-17
🇻🇳 Portuguese · Vietnam
1769
-17
Heyfai
4:19 Loom
11:04 Feudal Age
12:12 Fletching
15:54 Castle Age
16:51 Bodkin Arrow
18:31 Wheelbarrow
24:24 Double-Bit Axe
31:47 Fishing Lines
36:11 Imperial Age
35:30 Hand Cart
35:29 Bow Saw
35:19 Horse Collar
[BÜN] Mr. Grüezi
11:52 Feudal Age
12:58 Fishing Lines
15:27 Castle Age
13:37 Fletching
16:21 Medium Warships
16:08 Bodkin Arrow
16:17 Double-Bit Axe
16:30 Loom
17:23 Bow Saw
17:24 Gillnets
20:04 Clinker Construction
20:30 Ballistics
23:19 Careening
25:17 Wheelbarrow
24:28 Town Watch
24:49 Horse Collar
26:25 Hand Cart
27:04 Forging
28:26 Stone Mining
28:27 Gold Mining
29:42 Iron Casting
36:27 Imperial Age
35:39 Masonry
35:09 Treadmill Crane
36:16 Heavy Plow
魔卡少女简狸狸
7:38 Loom
11:13 Feudal Age
15:16 Castle Age
13:50 Double-Bit Axe
14:36 Fishing Lines
16:12 Bow Saw
16:33 Medium Warships
17:11 Gillnets
19:15 Forging
19:42 Wheelbarrow
22:50 Hand Cart
23:23 Horse Collar
31:15 Imperial Age
30:33 Fletching
30:36 Gold Mining
30:37 Stone Mining
31:11 Bodkin Arrow
31:48 Ballistics
33:00 Chemistry
32:23 Ballistics
32:26 Conscription
32:15 Bracer
31:59 Crossbowman
32:45 Thumb Ring
32:42 Padded Archer Armor
33:18 Arbalester
35:40 Leather Archer Armor
37:01 Ring Archer Armor
3046964519
10:22 Feudal Age
8:38 Loom
11:37 Double-Bit Axe
14:11 Castle Age
13:23 Forging
16:17 Medium Warships
17:00 Iron Casting
19:03 Scale Mail Armor
25:16 Arson
28:36 Chain Mail Armor
KDA HDT
8:07 Loom
10:24 Feudal Age
11:39 Double-Bit Axe
11:58 Fishing Lines
17:43 Castle Age
18:37 Medium Warships
19:07 Bow Saw
19:35 Clinker Construction
20:47 Careening
24:51 Fervor
36:26 Wheelbarrow
NaiLiu
6:40 Loom
9:41 Feudal Age
10:18 Double-Bit Axe
11:04 Fishing Lines
VNS_Alibaba_
5:08 Loom
15:29 Feudal Age
16:14 Double-Bit Axe
16:20 Stone Mining
19:21 Castle Age
23:56 Imperial Age
21:47 Fervor
23:13 Sanctity
22:54 Fletching
23:57 Redemption
35:22 Block Printing
DL-Empty
6:45 Loom
12:07 Feudal Age
15:40 Castle Age
13:39 Double-Bit Axe
13:38 Fishing Lines
17:01 Medium Warships
27:02 Imperial Age
26:47 Bow Saw
29:22 Town Watch
30:41 Horse Collar
34:47 Gillnets
36:01 Two-Man Saw
Connection lost

Rejoining the realm…

Still unreachable

The connection could not be restored.

Session expired

The server has moved on; the page needs a fresh start.